 Dungeon Crawl Stone Soup version 0.24.0-1-gfbc8707 (webtiles) character file.

Game seed: 6381344867223758694, levelgen mode: deterministic

40 Buxparty the Skirmisher (level 3, -3/30 HPs)
             Began as a Mummy Wanderer on Jan 11, 2020.
             Slain by Sigmund
             ... wielding a +0 scythe
              (8 damage)
             ... on level 2 of the Dungeon.
             The game lasted 00:03:52 (1661 turns).

Buxparty the Skirmisher (Mummy Wanderer)            Turns: 1661, Time: 00:03:53

Health: -3/30      AC:  5    Str: 14    XL:     3   Next: 30%
Magic:  3/3        EV: 10    Int: 12    God:
Gold:   96         SH:  0    Dex: 12    Spells: 2/2 levels left

rFire    x . .     SeeInvis .   a - +0 quarterstaff
rCold    + . .     Gourm    .   (shield currently unavailable)
rNeg     + + +     Faith    .   j - +0 ring mail
rPois    ∞         Spirit   .   (no helmet)
rElec    .         Reflect  .   (no cloak)
rCorr    .         Harm     .   (no gloves)
MR       .....                  (no boots)
Stlth    ..........             (no amulet)
HPRegen  0.10/turn              (no ring)
MPRegen  0.08/turn              (no ring)

@: confused
A: no food or potions, fire vulnerability, cold resistance 1, negative energy
resistance 3, torment resistance, unbreathing
a: no special abilities


You were on level 2 of the Dungeon.
You were not hungry.

You visited 1 branch of the dungeon, and saw 2 of its levels.

You collected 96 gold pieces.

Inventory:

Hand Weapons
 a - a +0 quarterstaff (weapon)
 e - a +0 dagger
Missiles
 b - 2 throwing nets (quivered)
 g - 14 poisoned darts
Armour
 c - a +0 leather armour
 j - a +0 ring mail (worn)
Jewellery
 f - an uncursed ring of positive energy {unknown}
Scrolls
 d - 2 scrolls of teleportation
 h - a scroll of identify {unknown}
 i - a scroll of fear {unknown}
 k - a scroll of magic mapping {unknown}
 l - a scroll of remove curse {unknown}


   Skills:
 - Level 4.0 Fighting
 + Level 2.8 Staves
 - Level 1.0 Throwing
 - Level 1.5 Dodging
 - Level 1.5 Stealth


You had 2 spell levels left.
You didn't know any spells.
Your spell library was empty.

Dungeon Overview and Level Annotations

Branches:
Dungeon (2/15)

Altars:

Annotations:
D:2 Sigmund


Innate Abilities, Weirdness & Mutations

You do not eat or drink.
Your flesh is vulnerable to fire.
You are immune to poison.
Your flesh is cold resistant. (rC+)
You are immune to negative energy. (rN+++)
You are immune to unholy pain and torment.
You can survive without breathing.


Message History

You resist with some effort.
Sigmund points at you and mumbles some strange words.
You resist with some effort.
Sigmund points at you and mumbles some strange words.
You resist with some effort.
Sigmund casts a spell.
Sigmund flickers and vanishes!
Deactivating autopickup; reactivate with Ctrl-A.
A magic dart appears from out of thin air!
The magic dart hits you.
* * * LOW HITPOINT WARNING * * *
You are confused.
A kobold comes into view.
The kobold shouts!
You are more confused.
You're too confused to move!
Something completely misses you. The kobold barely misses you.
You're too confused to move!
The kobold hits you but does no damage.
You bump into the rock wall.
Something hits you!
You die...

#.........###.........##
#.........+......@....##
#.####....######'##...##
#..$......# #.....# ####
#.........# #.##### ##
#.....#.#####.# ####.
#.....#.....<.# ......
#....{##...#### #..##..
#......@...# .. #..
#.....##K### ..####
#.....#..# ......
#######... #... )....
#..# .##.... #..# #.
.....# #%.. # .....#
#..# .....# #.....


You could see a kobold.

Vanquished Creatures
  A gnoll (D:1)
  4 bats
  7 goblins
  2 hobgoblins
  2 jackals (D:1)
  4 frilled lizards
  5 kobolds (D:1)
  4 rats
29 creatures vanquished.

Notes
Turn   | Place    | Note
-------+----------+-------------------------------------------
     0 | D:1      | Buxparty the Mummy Wanderer began the quest for the Orb.
     0 | D:1      | Buxparty set off with the following items: a +0
                  | quarterstaff, 2 throwing nets, a +0 leather armour, a
                  | scroll of teleportation, a +0 dagger
     0 | D:1      | Reached XP level 1. HP: 19/19 MP: 1/1
   305 | D:1      | Reached XP level 2. HP: 3/25 MP: 2/2
  1256 | D:2      | Reached XP level 3. HP: 30/30 MP: 3/3
  1591 | D:2      | Noticed Sigmund
  1661 | D:2      | Slain by Sigmund

Levels and vault maps discovered:
D:1:      ncdulo_watergridlock, layout_basic, wad_floor_pattern_2,
          minmay_misc_feat_x
D:2:      layout_basic, uniq_robin, uniq_sigmund

Skill      XL: |  1  2 |
---------------+-------+-----
Staves         | 2 |  2.8
Fighting       | |  4.0
Throwing       | |  1.0
Dodging        | |  1.5
Stealth        | |  1.5

Action                   || total
-------------------------++-------
Melee: Quarterstaff      ||    72
 Stab: Sleeping          ||     6
Armor: Leather armour    ||    16
       Ring mail         ||    20
Dodge: Dodged            ||    55
